 Dungeon Crawl Stone Soup version 0.28-a0-563-gf77a47075d (webtiles) character file.

Game seed: 5176229147983147640

0 Gargoyl the Skirmisher (level 1, -1/23 HPs)
             Began as a Gnoll Abyssal Knight on Sept 30, 2021.
             Was a Follower of Lugonu.
             Killed from afar by an air elemental (9 damage)
             ... with a stunning burst
             ... while paralysed by an air elemental
             ... on level 2 of the Abyss.
             The game lasted 00:00:27 (122 turns).

Gargoyl the Skirmisher (Gnoll Abyssal Knight)        Turns: 122, Time: 00:00:28

Health: -1/23      AC:  3    Str: 12    XL:     1   Next: 0%
Magic:  3/3        EV:  2    Int:  9    God:    Lugonu [*.....]
Gold:   156        SH:  0    Dex: 12    Spells: 0/0 levels left

rFire   . . .      SeeInvis .   a - +1 hand axe
rCold   . . .      Faith    .   (no shield)
rNeg    . . .      Spirit   .   b - +0 leather armour
rPois   .          Reflect  .   (no helmet)
rElec   .          Harm     .   (no cloak)
rCorr   .          Rampage  .   (no gloves)
Will    .....                   (no boots)
Stlth   +.........              (no amulet)
HPRegen 0.07/turn               (no ring)
MPRegen 0.08/turn               (no ring)

@: paralysed
A: fangs 1, strong nose, distributed training
a: Renounce Religion, Depart the Abyss


You were on level 2 of the Abyss.
You worshipped Lugonu.
Lugonu was aware of your devotion.
You visited 0 branches of the dungeon, and saw 0 of its levels.
You visited the Abyss 1 time.

You collected 156 gold pieces.

Inventory:

Hand Weapons
 a - a +1 hand axe (weapon)
Armour
 b - a +0 leather armour (worn)


   Skills:
 + Level 6.4 Fighting
 + Level 0.0 Short Blades
 + Level 0.0 Long Blades
 + Level 4.4 Axes
 + Level 0.0 Maces & Flails
 + Level 0.0 Polearms
 + Level 0.0 Staves
 + Level 0.0 Slings
 + Level 0.0 Bows
 + Level 0.0 Crossbows
 + Level 0.0 Throwing
 + Level 4.4 Armour
 + Level 2.3 Dodging
 + Level 0.0 Stealth
 + Level 0.0 Shields
 + Level 0.0 Unarmed Combat
 + Level 0.0 Spellcasting
 + Level 0.0 Conjurations
 + Level 0.0 Hexes
 + Level 0.0 Summonings
 + Level 0.0 Necromancy
 + Level 0.0 Translocations
 + Level 0.0 Transmutations
 + Level 0.0 Fire Magic
 + Level 0.0 Ice Magic
 + Level 0.0 Air Magic
 + Level 0.0 Earth Magic
 + Level 0.0 Poison Magic
 + Level 4.4 Invocations
 + Level 0.0 Evocations


You couldn't memorise any spells.
You didn't know any spells.
Your spell library was empty.

Dungeon Overview and Level Annotations

Branches:
Dungeon (0/15)

Altars:


Innate Abilities, Weirdness & Mutations

You have very sharp teeth.
Your uncanny sense of smell can sniff out nearby items.
Your experience applies equally to all skills.


Message History

A tentacled starspawn comes into view.
Tentacles burst from the starspawn's body! 2 starspawn tentacles come into view.
There is a gateway leading deeper into the Abyss here.
The wretched star glows turbulently.
The lance of force misses you.
You plunge deeper into the Abyss.
Found 19 gold pieces.
Unknown command.
You now have 48 gold pieces (gained 19).
Found a corrupted altar of Lugonu.
You now have 60 gold pieces (gained 12).
You now have 80 gold pieces (gained 20).
You now have 115 gold pieces (gained 35).
Found a hand axe.
You now have 134 gold pieces (gained 19).
Found a shortbow.
Found a gateway leading deeper into the Abyss.
You see here 22 gold pieces.
You now have 156 gold pieces (gained 22).
The air elemental fires a burst of electricity at you.
The stunning burst misses you.
The air elemental fires a burst of electricity at you.
The stunning burst hits you.
You suddenly lose the ability to move!
You can move again.
The air elemental fires a burst of electricity at you.
The stunning burst misses you.
The air elemental fires a burst of electricity at you.
The stunning burst misses you.
The air elemental fires a burst of electricity at you.
The stunning burst hits you.
You suddenly lose the ability to move!
You can move again.
The air elemental hits you.
The air elemental fires a burst of electricity at you.
The stunning burst hits you.
You shrug off the repeated paralysis!
The air elemental barely misses you. The air elemental closely misses you.
The air elemental fires a burst of electricity at you.
The stunning burst hits you!
You suddenly lose the ability to move!
You die...

#.#.....## . ..
#.#..##..#... . .
##...#.....#...
..#..#
#.#ยง........# . .
...##.#..#.#.#..# .
. . ...#..#.##.....
. . ##..E...#.#....
#. . .
#..#..#..#..#..## #
. ... .#
.#.#@.#.##.#. .
..#.##..#..##..####
## . .
#....#..#...#.# # #
. ###...#.#.# . #.
#..#.###. .##
#....... . # .. . #
#..._.#.. # .. # ..
.... . . . # # .#.#
# .


You could see an air elemental.

Vanquished Creatures (others)
  2 starspawn tentacles (Abyss:1)
2 creatures vanquished.

Notes
Turn   | Place    | Note
-------+----------+-------------------------------------------
     0 | Abyss:1  | Gargoyl the Gnoll Abyssal Knight began the quest for the
                  | Orb.
     0 | Abyss:1  | Reached XP level 1. HP: 23/23 MP: 3/3
    64 | Abyss:1  | Noticed a wretched star
    66 | Abyss:1  | Noticed a tentacled starspawn
    77 | Abyss:2  | Found a corrupted altar of Lugonu.
   111 | Abyss:2  | Noticed an air elemental
   114 | Abyss:2  | Paralysed by an air elemental for 1 turns
   118 | Abyss:2  | Paralysed by an air elemental for 1 turns
   122 | Abyss:2  | Paralysed by an air elemental for 1 turns
   122 | Abyss:2  | Killed from afar by an air elemental

Illustrated notes

Levels and vault maps discovered:
Abyss:2:  base: Temple, hangedman_abyss_mock_shop,
          hangedman_abyss_or_decor_slice

Action                   || total
-------------------------++-------
Dodge: Dodged            ||     6

Table legend: (Time is in decaauts)
 A = Elapsed time spent in this place.
 B = Non-inter-level travel time spent in this place.
 C = Inter-level travel time spent in this place.
 D = Time resting spent in this place.
 E = Time spent auto-exploring this place.
 F = Levels seen in this place.
 G = Mean time per level.
                   A        B        C        D        E       F      G
               +--------+--------+--------+--------+--------+-----+--------+
         Total |    121 |    121 |      0 |      0 |     74 |   2 |   60.5 |
         Abyss |    121 |    121 |      0 |      0 |     74 |   2 |   60.5 |
               +--------+--------+--------+--------+--------+-----+--------+

Top non-repeatable levels by time:
 Abyss:1: 68 daAuts
 Abyss:2: 53 daAuts
